[Event "FIDE WCCC Open-08 2024"]
[Site "Montesilvano"]
[Date "2024.11.18"]
[Round "2.24"]
[White "Mudriievskyi, Jan"]
[Black "Reclik, Jakub"]
[Result "1-0"]
[ECO "C45"]
[WhiteElo "1682"]
[BlackElo "1458"]
[PlyCount "65"]
[EventDate "2024.11.18"]
[EventType "swiss"]
[EventCountry "ITA"]
[TimeControl "5400+30"]

1. e4 e5 2. Nf3 Nc6 3. d4 exd4 4. Nxd4 Bc5 5. Nb3 Bb6 6. Nc3 h6 7. Qe2 d6 8. Be3 Be6 9. O-O-O Qe7 10. f3 Nf6 11. Kb1 Bxe3 12. Qxe3 O-O-O 13. Bb5 Kb8 14. Bxc6 bxc6 15. Na5 Bd7 16. Qd3 Ka8 17. Qa6 Rb8 18. Nxc6 Bxc6 19. Qxc6+ Rb7 20. Rd4 Nd7 21. Nd5 Qd8 22. Rb4 Nb6 23. a4 Qd7 24. Nxb6+ axb6 25. Qxd7 c5 26. Qxd6 cxb4 27. Qxb4 Rc8 28. Rd1 Rcb8 29. Rd6 Ka7 30. a5 b5 31. Qc5+ Ka8 32. Ra6+ Ra7 33. Qxa7# 1-0

[Event "FIDE WCCC Open-08 2024"]
[Site "Montesilvano"]
[Date "2024.11.18"]
[Round "2.25"]
[White "Smilga, Olivers"]
[Black "Petrenko, Tymofii"]
[Result "0-1"]
[ECO "B76"]
[WhiteElo "1439"]
[BlackElo "1678"]
[PlyCount "36"]
[EventDate "2024.11.18"]
[EventType "swiss"]
[EventCountry "ITA"]
[TimeControl "5400+30"]

1. e4 c5 2. Nf3 d6 3. d4 cxd4 4. Nxd4 Nf6 5. Nc3 g6 6. Be3 Bg7 7. f3 O-O 8. Qd2 Nc6 9. O-O-O d5 10. exd5 Nxd5 11. Nxd5 Qxd5 12. Nxc6 Qxc6 13. Bd3 Be6 14. a3 Rfd8 15. Rhe1 Rac8 16. Kb1 Bc4 17. Qe2 Qb5 18. b4 Qe5 0-1

[Event "FIDE WCCC Open-08 2024"]
[Site "Montesilvano"]
[Date "2024.11.18"]
[Round "2.26"]
[White "Szumiec, Jan"]
[Black "Ameen Akbar T A"]
[Result "1-0"]
[ECO "B45"]
[WhiteElo "1678"]
[BlackElo "1579"]
[PlyCount "57"]
[EventDate "2024.11.18"]
[EventType "swiss"]
[EventCountry "ITA"]
[TimeControl "5400+30"]

1. e4 c5 2. Nf3 e6 3. d4 cxd4 4. Nxd4 Nf6 5. Nc3 Nc6 6. Nxc6 bxc6 7. e5 Nd5 8. Ne4 Qc7 9. f4 Qb6 10. c4 Bb4+ 11. Ke2 f5 12. exf6 Nxf6 13. Be3 Qc7 14. Nxf6+ gxf6 15. Kf2 d5 16. cxd5 cxd5 17. Rc1 Qg7 18. Qa4+ Bd7 19. Qxb4 Rf8 20. Be2 e5 21. Bh5+ Kd8 22. Qa5+ Ke7 23. Bc5+ Ke6 24. Qa6+ Kf5 25. g4+ Kxf4 26. Be3+ Ke4 27. Rhe1 d4 28. Qb7+ Kd3 29. Red1# 1-0

[Event "FIDE WCCC Open-08 2024"]
[Site "Montesilvano"]
[Date "2024.11.18"]
[Round "2.27"]
[White "Thomas, Robert K"]
[Black "Le Doan, Minh Thuc"]
[Result "0-1"]
[ECO "E12"]
[WhiteElo "2166"]
[BlackElo "1677"]
[PlyCount "80"]
[EventDate "2024.11.18"]
[EventType "swiss"]
[EventCountry "ITA"]
[TimeControl "5400+30"]

1. d4 Nf6 2. c4 e6 3. Nf3 Bb4+ 4. Nc3 b6 5. Bg5 Bb7 6. g3 d6 7. Bg2 Nbd7 8. O-O O-O 9. a3 Bxc3 10. bxc3 h6 11. Bd2 Rc8 12. Qb3 c5 13. Bf4 Qe7 14. Rac1 cxd4 15. cxd4 e5 16. dxe5 dxe5 17. Bd2 Nc5 18. Qa2 Rfd8 19. Rfd1 Nce4 20. Bb4 Rxd1+ 21. Rxd1 Qe6 22. Qb2 Ng4 23. Be1 Nd6 24. c5 Nc4 25. Qb1 Nxa3 26. Qd3 Nc4 27. Qb1 g6 28. h3 Nf6 29. Bc3 Be4 30. Qa2 Bd5 31. Qxa7 Ra8 32. Qxa8+ Bxa8 33. Rd8+ Kg7 34. Rxa8 bxc5 35. Ra1 e4 36. Nd2 e3 37. Nf3 exf2+ 38. Kf1 Kh7 39. Bxf6 Qxf6 40. Rd1 Ne3+ 0-1

[Event "FIDE WCCC Open-08 2024"]
[Site "Montesilvano"]
[Date "2024.11.18"]
[Round "2.30"]
[White "Protopopescu, Luca"]
[Black "Saathvik Chakravarthy Ramayana"]
[Result "1/2-1/2"]
[ECO "B33"]
[WhiteElo "1818"]
[BlackElo "1466"]
[PlyCount "144"]
[EventDate "2024.11.18"]
[EventType "swiss"]
[EventCountry "ITA"]
[TimeControl "5400+30"]

1. e4 c5 2. Nf3 Nc6 3. Nc3 Nf6 4. d4 cxd4 5. Nxd4 e5 6. Ndb5 d6 7. Bg5 a6 8. Na3 b5 9. Nd5 Be7 10. Bxf6 Bxf6 11. c3 Bg5 12. Be2 O-O 13. O-O Bb7 14. Nc2 Ne7 15. Ncb4 Rb8 16. Nxe7+ Qxe7 17. Nd5 Qd7 18. Bg4 Qc6 19. Bf5 g6 20. Qg4 h6 21. Bxg6 fxg6 22. h4 Bc8 23. Qxg5 hxg5 24. Ne7+ Kf7 25. Nxc6 Rb6 26. Nb4 gxh4 27. a4 bxa4 28. Rxa4 Bb7 29. f3 Ke6 30. Rfa1 Rb8 31. Ra5 g5 32. Kf2 Bc8 33. Ke3 Rb5 34. Kd3 Rxa5 35. Rxa5 Rb5 36. Rxb5 axb5 37. Nd5 Bd7 38. c4 Kf7 39. Nc7 bxc4+ 40. Kxc4 Bc6 41. Nd5 Bb7 42. b4 Kg6 43. b5 Kh5 44. Nf6+ Kg6 45. Nd5 Kh5 46. b6 g4 47. Nf6+ Kg5 48. Nxg4 Kf4 49. Kd3 Kg3 50. Ne3 h3 51. gxh3 Kxf3 52. Nd5 Ba6+ 53. Kc3 Kxe4 54. Nf6+ Kf5 55. Ne8 d5 56. Kb4 Kg5 57. Nd6 e4 58. Ka5 e3 59. Kxa6 e2 60. b7 e1=Q 61. b8=Q Qa1+ 62. Kb6 Qb2+ 63. Nb5 Qf6+ 64. Kc5 Qe7+ 65. Nd6 Qe3+ 66. Kxd5 Qd3+ 67. Ke5 Qg3+ 68. Kd4 Qf2+ 69. Kc4 Qc2+ 70. Kd5 Qd3+ 71. Kc6 Qc3+ 72. Kd5 Qd3+ {[%emt 0:01:24] Ke4} 1/2-1/2

[Event "FIDE WCCC Open-08 2024"]
[Site "Montesilvano"]
[Date "2024.11.18"]
[Round "2.32"]
[White "Jia, Zining (Matthew)"]
[Black "Ranganathan, Aadith"]
[Result "1-0"]
[ECO "C67"]
[WhiteElo "1550"]
[BlackElo "1645"]
[PlyCount "125"]
[EventDate "2024.11.18"]
[EventType "swiss"]
[EventCountry "ITA"]
[TimeControl "5400+30"]

1. e4 e5 2. Nf3 Nc6 3. Bb5 Nf6 4. O-O Nxe4 5. Re1 Nd6 6. Nxe5 Be7 7. Nxc6 dxc6 8. Ba4 O-O 9. d3 Be6 10. c3 Qd7 11. Bf4 Rad8 12. Bc2 c5 13. Nd2 Bg4 14. Qc1 Rfe8 15. h3 Bf5 16. Nf3 Bf6 17. Qd2 Qc6 18. Rxe8+ Rxe8 19. Bxd6 cxd6 20. Re1 Qd7 21. Rxe8+ Qxe8 22. Qf4 Qe6 23. Bb3 Qd7 24. d4 cxd4 25. Nxd4 Bg6 26. Qe3 h6 27. Qg3 Kh7 28. Bd5 Qe7 29. f4 Bh4 30. Qf3 Qe1+ 31. Kh2 Kg8 32. g3 Qd2+ 33. Qg2 Qxg2+ 34. Kxg2 Bf6 35. Bxb7 Bb1 36. a4 Bd8 37. Nb5 Bc2 38. Nxd6 Bc7 39. Nc8 Bxa4 40. Nxa7 Bb6 41. Nc6 Be3 42. Na5 Bc2 43. Nc4 Bc1 44. b4 Bb3 45. Nd6 Bb2 46. Ne4 f5 47. Nc5 Bc4 48. Na4 Ba1 49. Nb6 Bd3 50. Bd5+ Kf8 51. c4 Bc3 52. b5 Bd4 53. Nd7+ Ke7 54. Ne5 Be4+ 55. Bxe4 Bxe5 56. fxe5 fxe4 57. Kf2 Ke6 58. b6 Kxe5 59. b7 Kd4 60. b8=Q e3+ 61. Ke2 g5 62. Qd6+ Ke4 63. Qd5# {[%emt 0:00:00] Kd4 Qd6+ Ke4 Qd5# Kxd5 Kf2+ Kd4+ Ke2 Ke4 Kf2 Kd4+ Ke2 Ke4 Kf2 Kd4+ Ke2 Ke4 Kf2 Kd4+ Ke2 Ke4 Kf2 Kd4+ Ke2 Ke4 Kf2 Kd4+ Ke2 Ke4} 1-0

[Event "FIDE WCCC Open-08 2024"]
[Site "Montesilvano"]
[Date "2024.11.18"]
[Round "2.33"]
[White "Schimming, Wilhelm"]
[Black "Lau, Great Boyou"]
[Result "0-1"]
[ECO "E68"]
[WhiteElo "1628"]
[BlackElo "1514"]
[PlyCount "74"]
[EventDate "2024.11.18"]
[EventType "swiss"]
[EventCountry "ITA"]
[TimeControl "5400+30"]

1. c4 Nf6 2. g3 g6 3. Bg2 Bg7 4. Nc3 O-O 5. d4 d6 6. Nf3 Nbd7 7. O-O e5 8. e4 Re8 9. h3 exd4 10. Nxd4 Nc5 11. Re1 a5 12. Bg5 h6 13. Bxf6 Bxf6 14. Nd5 Bg7 15. Nb5 c6 16. Nbc7 cxd5 17. Nxe8 Qxe8 18. exd5 Qd8 19. Qe2 Bf5 20. Rad1 g5 21. b3 Bc3 22. Rf1 Qd7 23. Qh5 Bg7 24. Qe2 Re8 25. Qd2 Nd3 26. g4 Bg6 27. Qc2 Nb2 28. Qd2 Nxd1 29. Rxd1 b6 30. Re1 Kf8 31. Rxe8+ Qxe8 32. Kf1 Qe5 33. Qe2 Qa1+ 34. Qe1 Bd3+ 35. Kg1 Qxe1+ 36. Kh2 Be5+ 37. f4 Bxf4# 0-1

[Event "FIDE WCCC Open-08 2024"]
[Site "Montesilvano"]
[Date "2024.11.18"]
[Round "2.34"]
[White "Kuncoro, Harvey"]
[Black "Dzelnik, Robert"]
[Result "1-0"]
[ECO "C57"]
[WhiteElo "1432"]
[BlackElo "1822"]
[PlyCount "69"]
[EventDate "2024.11.18"]
[EventType "swiss"]
[EventCountry "ITA"]
[TimeControl "5400+30"]

1. e4 e5 2. Nf3 Nc6 3. Bc4 Nf6 4. Ng5 Nxe4 5. Bxf7+ Ke7 6. Nxe4 Kxf7 7. O-O d5 8. Nec3 Be7 9. Qf3+ Bf6 10. Qxd5+ Be6 11. Qxd8 Raxd8 12. Na3 h5 13. d3 h4 14. Ne4 Be7 15. f4 Bxa3 16. fxe5+ Ke7 17. Bg5+ Kd7 18. bxa3 Rde8 19. Nc5+ Kc8 20. Rfe1 Nd4 21. Rab1 b6 22. Nxe6 Rxe6 23. Rb2 Rg6 24. c3 Ne6 25. Be3 Rd8 26. d4 Rg4 27. Rd2 Re4 28. Kf2 Rf8+ 29. Kg1 Nf4 30. Rf2 g5 31. Kf1 c5 32. g3 Ne6 33. Rxf8+ Nxf8 34. dxc5 Rxe5 35. cxb6 1-0

[Event "FIDE WCCC Open-08 2024"]
[Site "Montesilvano"]
[Date "2024.11.18"]
[Round "2.35"]
[White "Ulan, Rizat"]
[Black "Shroff, Dhairya Amit"]
[Result "0-1"]
[ECO "C00"]
[WhiteElo "1783"]
[BlackElo "1444"]
[PlyCount "22"]
[EventDate "2024.11.18"]
[EventType "swiss"]
[EventCountry "ITA"]
[TimeControl "5400+30"]

1. e4 e6 2. Nf3 d5 3. e5 c5 4. b4 cxb4 5. a3 Nc6 6. axb4 Qc7 7. d4 Bxb4+ 8. c3 Ba5 9. Ba3 Nge7 10. Bd6 Qb6 11. Bc5 Qd8 0-1

[Event "FIDE WCCC Open-08 2024"]
[Site "Montesilvano"]
[Date "2024.11.18"]
[Round "2.36"]
[White "Juzbasic, Marul"]
[Black "Cronje, Frederick"]
[Result "1-0"]
[ECO "C54"]
[WhiteElo "1726"]
[BlackElo "1434"]
[PlyCount "107"]
[EventDate "2024.11.18"]
[EventType "swiss"]
[EventCountry "ITA"]
[TimeControl "5400+30"]

1. e4 e5 2. Nf3 Nc6 3. Bc4 Bc5 4. c3 Nf6 5. d3 d6 6. O-O O-O 7. Bg5 Be6 8. Bb3 h6 9. Bh4 Qe7 10. d4 exd4 11. cxd4 Bxb3 12. axb3 Bb6 13. Nc3 Ba5 14. Nd5 Qxe4 15. Nxf6+ gxf6 16. Bxf6 Qg6 17. Bh4 Kh7 18. d5 Ne5 19. Nxe5 dxe5 20. Rxa5 Rg8 21. Bg3 f5 22. Qf3 f4 23. Bh4 Rg7 24. Kh1 e4 25. Qh3 e3 26. f3 e2 27. Re1 Qd3 28. d6 cxd6 29. Qf5+ Qxf5 30. Rxf5 Re8 31. Rxf4 Rc7 32. Rc4 Rxc4 33. bxc4 a5 34. Bg3 Kg6 35. Kg1 Rc8 36. Rxe2 Rxc4 37. Re6+ Kf5 38. Rxd6 Rc1+ 39. Kf2 Rc2+ 40. Ke3 Rxb2 41. Rd5+ Ke6 42. Rxa5 Rb3+ 43. Kd4 Rb1 44. Re5+ Kd6 45. Re1+ Kc6 46. Rxb1 b6 47. f4 Kb7 48. f5 b5 49. f6 b4 50. f7 Ka6 51. f8=Q Ka5 52. Qc5+ Ka6 53. Ra1+ Kb7 54. Ra7# {[%emt 0:00:15] Ka6 Ke4# Kb7 Kd4#} 1-0

[Event "FIDE WCCC Open-08 2024"]
[Site "Montesilvano"]
[Date "2024.11.18"]
[Round "2.37"]
[White "Huang, Joshua Kai-En"]
[Black "Arsenijevic, Matija"]
[Result "1/2-1/2"]
[ECO "B12"]
[WhiteElo "1424"]
[BlackElo "1700"]
[PlyCount "61"]
[EventDate "2024.11.18"]
[EventType "swiss"]
[EventCountry "ITA"]
[TimeControl "5400+30"]

1. e4 c6 2. d4 d5 3. e5 Bf5 4. Nf3 e6 5. Be2 c5 6. Nc3 Nc6 7. Bb5 h6 8. h3 a6 9. Bxc6+ bxc6 10. g4 Bg6 11. Qe2 cxd4 12. Nxd4 Qb6 13. Nb3 c5 14. f4 c4 15. Be3 Qb7 16. Nc5 Bxc5 17. Bxc5 Qxb2 18. Rb1 Qxc3+ 19. Qd2 Qxd2+ 20. Kxd2 Rc8 21. Bd6 Ne7 22. Rb7 Nc6 23. Rhb1 c3+ 24. Kd1 Na5 25. Re7+ Kd8 26. Rb6 Re8 27. Ra7 Rc6 28. Rb8+ Rc8 29. Bc7+ Ke7 30. Bd6+ Kd8 31. Bc7+ 1/2-1/2

[Event "FIDE WCCC Open-08 2024"]
[Site "Montesilvano"]
[Date "2024.11.18"]
[Round "2.38"]
[White "Ok, Miro"]
[Black "Cantoro, Fabrizio"]
[Result "1-0"]
[ECO "C41"]
[WhiteElo "1656"]
[BlackElo "1429"]
[PlyCount "41"]
[EventDate "2024.11.18"]
[EventType "swiss"]
[EventCountry "ITA"]
[TimeControl "5400+30"]

1. e4 e5 2. Nf3 Nc6 3. d4 d6 4. dxe5 Bd7 5. exd6 Bxd6 6. Nc3 Nf6 7. Bb5 O-O 8. O-O Qe7 9. Re1 Be6 10. Bxc6 bxc6 11. e5 Bxe5 12. Nxe5 Rad8 13. Nxc6 Qe8 14. Nxd8 Qe7 15. Nxe6 fxe6 16. Bg5 Rd8 17. Qf3 Rf8 18. Bxf6 Rxf6 19. Nd5 exd5 20. Qxd5+ Qf7 21. Re8# 1-0

[Event "FIDE WCCC Open-08 2024"]
[Site "Montesilvano"]
[Date "2024.11.18"]
[Round "2.39"]
[White "Morais, Benjamin Guedes"]
[Black "Kakagiannis, Stylianos"]
[Result "1-0"]
[ECO "D02"]
[WhiteElo "1652"]
[BlackElo "1423"]
[PlyCount "91"]
[EventDate "2024.11.18"]
[EventType "swiss"]
[EventCountry "ITA"]
[TimeControl "5400+30"]

1. Nf3 d5 2. g3 Nf6 3. Bg2 Bf5 4. O-O e6 5. d4 Bd6 6. b3 O-O 7. Bb2 Re8 8. Nbd2 Nc6 9. Ne5 Bxe5 10. dxe5 Ng4 11. Nf3 Be4 12. Re1 Bxf3 13. exf3 Nh6 14. f4 Nf5 15. Qd2 Qd7 16. c4 Nce7 17. Rad1 c6 18. Qe2 Qc7 19. cxd5 cxd5 20. Rc1 Qd7 21. Red1 Rac8 22. Qf1 Rxc1 23. Rxc1 Rc8 24. Rxc8+ Qxc8 25. Qc1 Qxc1+ 26. Bxc1 Kf8 27. Kf1 Nc6 28. Ke2 Ke8 29. Bb2 Kd7 30. Bh3 g6 31. Bxf5 exf5 32. Kd3 Nb4+ 33. Kd4 Kc6 34. a3 Nc2+ 35. Kd3 Ne1+ 36. Ke2 Ng2 37. Kf1 Nxf4 38. gxf4 Kc5 39. Ke2 h6 40. h4 a5 41. Kd3 b5 42. f3 a4 43. b4+ Kc6 44. Kd4 g5 45. fxg5 h5 46. e6 1-0

[Event "FIDE WCCC Open-08 2024"]
[Site "Montesilvano"]
[Date "2024.11.18"]
[Round "2.40"]
[White "Katsarski, Yan"]
[Black "Batbileg, Boldbaatar"]
[Result "0-1"]
[ECO "C92"]
[WhiteElo "1418"]
[BlackElo "1623"]
[PlyCount "82"]
[EventDate "2024.11.18"]
[EventType "swiss"]
[EventCountry "ITA"]
[TimeControl "5400+30"]

1. e4 e5 2. Nf3 Nc6 3. Bc4 Nf6 4. d3 Be7 5. O-O O-O 6. c3 d6 7. h3 Na5 8. Bb5 a6 9. Ba4 b5 10. Bc2 c5 11. Re1 Bb7 12. Nbd2 Nc6 13. Nf1 b4 14. Ng3 Qc7 15. Bg5 Ne8 16. Bxe7 Nxe7 17. Nh4 g6 18. Qg4 Ng7 19. Bb3 d5 20. exd5 Nxd5 21. Nf3 Rfe8 22. Ng5 h6 23. N5e4 Kh7 24. Bxd5 Bxd5 25. Nf6+ Kh8 26. Nxd5 Qc6 27. c4 Rad8 28. Ne4 f5 29. Qh4 fxe4 30. Nf6 Nf5 31. Qxe4 Qxf6 32. Qf3 Qg5 33. Qc6 Nh4 34. Rad1 e4 35. g4 Nf3+ 36. Kg2 Nxe1+ 37. Rxe1 e3 38. b3 e2 39. Qxc5 Qxc5 40. Kf3 Rxd3+ 41. Kf4 Qe5# 0-1

[Event "FIDE WCCC Open-08 2024"]
[Site "Montesilvano"]
[Date "2024.11.18"]
[Round "2.41"]
[White "Glod, Peter"]
[Black "Chanishvili, Noa"]
[Result "1/2-1/2"]
[ECO "C50"]
[WhiteElo "1409"]
[BlackElo "1553"]
[PlyCount "64"]
[EventDate "2024.11.18"]
[EventType "swiss"]
[EventCountry "ITA"]
[TimeControl "5400+30"]

1. e4 e5 2. Nf3 Nc6 3. Bc4 d6 4. d4 exd4 5. Nxd4 Ne5 6. Bb3 Nf6 7. Nc3 Be7 8. Bf4 O-O 9. O-O Bd7 10. Bxe5 dxe5 11. Nf3 Bd6 12. Re1 Bg4 13. h3 Bxf3 14. Qxf3 Qe7 15. a3 Rad8 16. Rad1 a6 17. Nd5 Nxd5 18. Bxd5 c6 19. Bb3 Bc7 20. Rxd8 Rxd8 21. Rd1 Rxd1+ 22. Qxd1 Qd6 23. Qxd6 Bxd6 24. Kf1 Kf8 25. Ke2 Bc5 26. Kf3 Ke7 27. Kg3 Kf6 28. f3 b6 29. a4 a5 30. f4 exf4+ 31. Kxf4 Bd4 32. c3 Be5+ 1/2-1/2

[Event "FIDE WCCC Open-08 2024"]
[Site "Montesilvano"]
[Date "2024.11.18"]
[Round "2.43"]
[White "Wang, Yihan(Ah)"]
[Black "Senthilkumar, Tharveen"]
[Result "1-0"]
[ECO "B22"]
[WhiteElo "1630"]
[BlackElo "1411"]
[PlyCount "145"]
[EventDate "2024.11.18"]
[EventType "swiss"]
[EventCountry "ITA"]
[TimeControl "5400+30"]

1. e4 c5 2. c3 Nf6 3. e5 Nd5 4. d4 cxd4 5. cxd4 Nc6 6. Nf3 e6 7. Bc4 Nb6 8. Bb3 Be7 9. Nc3 O-O 10. O-O d6 11. Be3 d5 12. Re1 f6 13. exf6 Bxf6 14. Bf4 a5 15. Nb5 Nc4 16. Bxc4 dxc4 17. Nc7 Ra7 18. Nxe6 Bxe6 19. Rxe6 Nxd4 20. Rd6 Nxf3+ 21. Qxf3 Qc8 22. Qd5+ Kh8 23. Be5 Bxe5 24. Qxe5 Ra8 25. Rad1 Qe8 26. Qxe8 Rfxe8 27. Kf1 b5 28. R1d5 Reb8 29. Rc6 h6 30. Rcc5 b4 31. Rxc4 Ra7 32. Rcc5 Rba8 33. Ke2 Kh7 34. Rb5 Kg6 35. Kd3 Kf7 36. Rbc5 Ke6 37. Kc4 Rf8 38. f3 Rfa8 39. Kb5 Rd7 40. Rxd7 Kxd7 41. Kc4 Kd6 42. Rd5+ Kc6 43. Rc5+ Kb6 44. Re5 Rc8+ 45. Kd3 Rc6 46. Re7 g6 47. f4 Kb5 48. Re5+ Kb6 49. g4 a4 50. f5 gxf5 51. gxf5 a3 52. bxa3 bxa3 53. Re6 Rxe6 54. fxe6 Kc6 55. Ke4 Kd6 56. Kf5 Ke7 57. Ke5 h5 58. h4 Ke8 59. Kf6 Kf8 60. Kg6 Ke7 61. Kxh5 Kxe6 62. Kg6 Kd5 63. h5 Kc4 64. h6 Kc3 65. h7 Kb2 66. h8=Q+ Kxa2 67. Qc3 Kb1 68. Qxa3 Kc2 69. Kf5 Kd2 70. Ke4 Ke2 71. Qb2+ Kf1 72. Kf3 Kg1 73. Qg2# 1-0

[Event "FIDE WCCC Open-08 2024"]
[Site "Montesilvano"]
[Date "2024.11.18"]
[Round "2.47"]
[White "Contreras Salcedo, Samuel Esteban"]
[Black "Hakobyan, Sos"]
[Result "1/2-1/2"]
[ECO "B50"]
[WhiteElo "1508"]
[BlackElo "1806"]
[PlyCount "107"]
[EventDate "2024.11.18"]
[EventType "swiss"]
[EventCountry "ITA"]
[TimeControl "5400+30"]

1. e4 c5 2. Nf3 d6 3. Nc3 Nf6 4. d3 e6 5. Be3 Be7 6. Be2 O-O 7. O-O Nbd7 8. d4 b6 9. e5 dxe5 10. dxe5 Ng4 11. h3 Ngxe5 12. Nxe5 Nxe5 13. Bf3 Nxf3+ 14. Qxf3 Bd7 15. Qg3 Bh4 16. Qf3 Rc8 17. Rad1 Qc7 18. Bf4 Qc6 19. Qg4 Be7 20. Bh6 Bf6 21. Ne4 Be5 22. c3 f5 23. Qg5 fxe4 24. Qxe5 gxh6 25. Rd6 Rf5 26. Qg3+ Rg5 27. Rxc6 Bxc6 28. Qd6 Rg6 29. Rd1 e3 30. g3 exf2+ 31. Kxf2 Rf8+ 32. Ke3 Bd5 33. c4 Bxc4 34. Qe7 Bd5 35. g4 Rf3+ 36. Kd2 Rxh3 37. Rf1 Rf3 38. Qd8+ Kg7 39. Qe7+ Kg8 40. Qd8+ Kg7 41. Qc7+ Kg8 42. Qb8+ Kg7 43. Qxa7+ Kg8 44. Rxf3 Bxf3 45. Qxb6 Bxg4 46. Qxc5 Rg5 47. Qe7 Rd5+ 48. Kc3 h5 49. Qe8+ Kg7 50. Qe7+ Kg8 51. Qe8+ Kg7 52. Qe7+ Kg8 53. Qe8+ Kg7 54. Qe7+ 1/2-1/2

[Event "FIDE WCCC Open-08 2024"]
[Site "Montesilvano"]
[Date "2024.11.18"]
[Round "2.57"]
[White "Papadopoulos, Antonios P"]
[Black "Lee, David J"]
[Result "0-1"]
[ECO "C47"]
[WhiteElo "1455"]
[BlackElo "1446"]
[PlyCount "70"]
[EventDate "2024.11.18"]
[EventType "swiss"]
[EventCountry "ITA"]
[TimeControl "5400+30"]

1. e4 e5 2. Nf3 Nc6 3. d4 exd4 4. Nxd4 Nf6 5. Nc3 Bb4 6. Bc4 Nxe4 7. Qe2 Qe7 8. Nf5 Qe5 9. O-O Bxc3 10. bxc3 Qxf5 11. f3 O-O 12. fxe4 Qe5 13. Bf4 Qxc3 14. Bxc7 Nd4 15. Qd3 Qxd3 16. cxd3 Ne6 17. Bd6 Rd8 18. Bxe6 dxe6 19. e5 b6 20. Rac1 Ba6 21. Rc7 Rdc8 22. Re7 Re8 23. Rc7 Bxd3 24. Rfxf7 Bg6 25. Rxg7+ Kh8 26. h4 Rg8 27. Rge7 Be4 28. Rxa7 Rxg2+ 29. Kf1 Rf8+ 30. Rf7 Rfg8 31. Be7 Bd3+ 32. Ke1 Re2+ 33. Kf1 Rb2+ 34. Ke1 Rg1+ 35. Rf1 Rxf1# 0-1

[Event "FIDE WCCC Open-08 2024"]
[Site "Montesilvano"]
[Date "2024.11.18"]
[Round "4.1"]
[White "Demchenko, Timofei"]
[Black "Elemes, Nurmukhamed"]
[Result "1-0"]
[ECO "B52"]
[WhiteElo "1969"]
[BlackElo "1735"]
[Annotator "RC"]
[PlyCount "75"]
[EventDate "2024.11.18"]
[EventType "swiss"]
[EventCountry "ITA"]
[SourceTitle "playchess.com"]
[Source "ChessBase"]
[SourceQuality "1"]
[TimeControl "5400+30"]

1. e4 c5 2. Nf3 d6 3. Bb5+ Bd7 4. Bxd7+ Qxd7 5. c4 Nc6 6. Nc3 g6 7. d4 cxd4 8. Nxd4 Bg7 9. Nde2 Rc8 10. b3 Nf6 11. f3 O-O 12. Bb2 Ne8 13. Qd2 f5 14. O-O-O Nf6 15. Ng3 fxe4 16. Ngxe4 Nxe4 17. Nxe4 Ne5 18. Bxe5 Bxe5 19. Qd5+ Rf7 20. Qxe5 Rf5 21. Qd4 b5 22. Nd2 Qb7 23. Kb1 bxc4 24. Nxc4 a5 25. Ne3 Rb5 26. Rc1 Rb8 27. Rc3 Ra8 28. Ka1 a4 29. bxa4 Rba5 30. Rb1 Qd7 31. Rcb3 e5 32. Rb8+ Rxb8 33. Rxb8+ Kg7 34. Qg4 Qf7 35. Qb4 Ra7 36. Qxd6 Re7 37. Nd5 Re6 38. Qc7 1-0

[Event "FIDE WCCC Open-08 2024"]
[Site "Montesilvano"]
[Date "2024.11.18"]
[Round "4.2"]
[White "Li, Aiden Linyuan"]
[Black "Sahin, Bora"]
[Result "1-0"]
[ECO "A36"]
[WhiteElo "1877"]
[BlackElo "1703"]
[Annotator "NA RC"]
[PlyCount "119"]
[EventDate "2024.11.18"]
[EventType "swiss"]
[EventCountry "ITA"]
[SourceTitle "playchess.com"]
[Source "ChessBase"]
[SourceQuality "1"]
[TimeControl "5400+30"]

1. e4 c5 2. c4 Nc6 3. Nc3 d6 4. g3 g6 5. Bg2 Bg7 6. Nge2 Bg4 7. h3 Bd7 8. O-O Nd4 9. d3 Qc8 10. Kh2 h5 11. Nxd4 Bxd4 12. Be3 h4 13. g4 Nf6 14. Bxd4 cxd4 15. Nd5 g5 16. Nxf6+ exf6 17. f4 Qc5 18. Qd2 gxf4 19. Rxf4 Ke7 20. Raf1 Qe5 21. Kh1 Qg5 22. Qf2 Rh6 23. Qxd4 Qe5 24. Qe3 Rg6 25. d4 Qe6 26. e5 dxe5 27. dxe5 fxe5 28. Qc5+ Ke8 29. Rxf7 Qxf7 30. Rxf7 Kxf7 31. Qd5+ Ke7 32. Qxe5+ Re6 33. Qg5+ Kd6 34. Bxb7 Rae8 35. Qf4+ Kc5 36. Qc7+ Bc6+ 37. Bxc6 Rxc6 38. b4+ Kxb4 39. Qxc6 Re1+ 40. Kg2 Re2+ 41. Kf3 Rxa2 42. g5 a5 43. Qb5+ Kc3 44. g6 Ra3 45. Kg4 Ra2 46. Kxh4 Rg2 47. Qxa5+ Kxc4 48. Qg5 Rxg5 49. Kxg5 Kd5 50. g7 Kd4 51. g8=Q Ke5 52. Qe8+ Kd6 53. Kf5 Kd5 54. Qe4+ Kd6 55. Qc4 Ke7 56. Ke5 Kd7 57. Qc5 Ke8 58. Ke6 Kd8 59. h4 Ke8 60. Qe7# 1-0

[Event "FIDE WCCC Open-08 2024"]
[Site "Montesilvano"]
[Date "2024.11.18"]
[Round "4.3"]
[White "Morozov, Arkhip"]
[Black "Badescu, Matei-Andrei"]
[Result "1-0"]
[ECO "B93"]
[WhiteElo "1687"]
[BlackElo "1829"]
[Annotator "NA RC"]
[PlyCount "97"]
[EventDate "2024.11.18"]
[EventType "swiss"]
[EventCountry "ITA"]
[SourceTitle "playchess.com"]
[Source "ChessBase"]
[SourceQuality "1"]
[TimeControl "5400+30"]

1. e4 c5 2. Nf3 d6 3. d4 cxd4 4. Nxd4 Nf6 5. Nc3 a6 6. f4 e5 7. Nf3 Nbd7 8. Qe2 b5 9. Bd2 Bb7 10. O-O-O Rc8 11. Nd5 Rc4 12. Nxf6+ gxf6 13. Qf2 Rc8 14. Bd3 Nc5 15. Qe2 Nxd3+ 16. Qxd3 Rc4 17. Rhe1 Qa8 18. c3 Bxe4 19. Qe2 Be7 20. b3 d5 21. Kb2 Rc8 22. fxe5 fxe5 23. Nxe5 b4 24. Qf2 f6 25. Nf3 f5 26. Nd4 bxc3+ 27. Bxc3 Qa7 28. Qd2 Rg8 29. g3 Bg5 30. Qe2 Bf6 31. Qh5+ Rg6 32. Qxf5 Qc5 33. Rxe4+ dxe4 34. Qxe4+ Qe7 35. Qf3 Qc5 36. Qe2+ Kf7 37. Qe6+ Kf8 38. Qe1 Qe5 39. Qd2 Rg4 40. Re1 Rxd4 41. Qh6+ Bg7 42. Rxe5 Bxh6 43. Bxd4 Rd8 44. Bc3 Kf7 45. Rf5+ Kg6 46. Rf6+ Kh5 47. g4+ Kg5 48. Rxa6 Rf8 49. Bd2+ 1-0

[Event "FIDE WCCC Open-08 2024"]
[Site "Montesilvano"]
[Date "2024.11.18"]
[Round "4.4"]
[White "Mudriievskyi, Jan"]
[Black "Sattwik Swain"]
[Result "0-1"]
[ECO "C56"]
[WhiteElo "1682"]
[BlackElo "1787"]
[Annotator "NA RC"]
[PlyCount "112"]
[EventDate "2024.11.18"]
[EventType "swiss"]
[EventCountry "ITA"]
[SourceTitle "playchess.com"]
[Source "ChessBase"]
[SourceQuality "1"]
[TimeControl "5400+30"]

1. e4 e5 2. Nf3 Nc6 3. Bc4 Bc5 4. c3 Nf6 5. d4 exd4 6. O-O d6 7. cxd4 Bb6 8. Bg5 h6 9. Bh4 Bg4 10. Qb3 Na5 11. Qa4+ Qd7 12. Bb5 c6 13. Bd3 Bc7 14. d5 g5 15. Bg3 Bxf3 16. gxf3 h5 17. b4 h4 18. bxa5 Qh3 19. Be5 dxe5 20. Rd1 O-O 21. Nd2 Qd7 22. Bc4 Rad8 23. dxc6 bxc6 24. Nf1 Qh3 25. Be2 Nh5 26. Ne3 Nf4 27. Bf1 Qxf3 28. Re1 Rd2 29. Nd1 Qg4+ 30. Kh1 Rfd8 31. Rc1 R8d4 32. Qb3 Nd3 33. Rc2 Rxc2 34. Bxd3 Qf3+ 35. Kg1 Qxd3 36. Qxd3 Rxd3 37. Ne3 Rxa2 38. Nf5 Rdd2 39. Rf1 Bxa5 40. Ne7+ Kh7 41. Nxc6 Bc3 42. Ne7 Bd4 43. Nf5 Rxf2 44. Rxf2 Bxf2+ 45. Kf1 a5 46. Nd6 Bd4 47. Nxf7 Rf2+ 48. Ke1 Rxf7 49. Ke2 a4 50. Kd3 Rc7 51. Ke2 a3 52. Kf3 a2 53. Kg4 Kg6 54. h3 a1=Q 55. Kf3 Qf1+ 56. Kg4 Qf4# 0-1

[Event "FIDE WCCC Open-08 2024"]
[Site "Montesilvano"]
[Date "2024.11.18"]
[Round "4.5"]
[White "Divith Reddy Adulla"]
[Black "Cardas, Serghei"]
[Result "1-0"]
[ECO "C15"]
[WhiteElo "1784"]
[BlackElo "1627"]
[Annotator "NA RC"]
[PlyCount "79"]
[EventDate "2024.11.18"]
[EventType "swiss"]
[EventCountry "ITA"]
[SourceTitle "playchess.com"]
[Source "ChessBase"]
[SourceQuality "1"]
[TimeControl "5400+30"]

1. e4 e6 2. d4 d5 3. Nc3 Bb4 4. exd5 exd5 5. a3 Bxc3+ 6. bxc3 Ne7 7. Bd3 c5 8. dxc5 Qa5 9. Ne2 Qxc5 10. Be3 Qc7 11. O-O O-O 12. Nd4 a6 13. Qh5 g6 14. Qh6 Nbc6 15. Bf4 Qd8 16. Nxc6 Nxc6 17. Rae1 Qf6 18. Bg5 Qg7 19. Qh4 h5 20. Bf6 Qh7 21. Re3 Be6 22. Rg3 Rfe8 23. f4 Ne7 24. Bxe7 f5 25. Bf6 Rac8 26. Bd4 Rc7 27. Qf6 Rf7 28. Rxg6+ Kf8 29. Bc5+ Ree7 30. Bxe7+ Ke8 31. Qxe6 Rxe7 32. Rg8+ Qxg8 33. Qxg8+ Kd7 34. Qxd5+ Kc8 35. Bxf5+ Kb8 36. Qd8+ Ka7 37. Qxe7 a5 38. Qc5+ Ka8 39. Re1 a4 40. Re8# 1-0